Cogmind - Beta 17.1 @@@ ROGUE MODE // 2026.09.02 @ 10:14:03 Player: Somberlain Result: Destroyed by Y-45 Defender with Heavy Assault Rifle Performance ------------- Evolutions (2) 1000 Regions Visited (6) 1200 Robots Destroyed (47) 235 Value Destroyed (1385) 1385 Prototype IDs (0) 0 Alien Tech Used (0) 0 Bonus (700) 700 TOTAL SCORE: 4520 Bonus ------- Entered Garrisons 200 Used RIF Installer 500 Cogmind --------- Core Integrity 0/550 Matter 270/300 Energy 228/240 System Corruption 1% Temperature Cool (6) Movement Walking (130) Location -8/Materials Parts ------- > --- POWER (1) -------- Nuclear Core > --- PROPULSION (3) --- Titanium Leg Titanium Leg Titanium Leg > --- UTILITY (5) ------ Coolant Injector Large Storage Unit Sensor Array Improved Signal Interpreter Hacking Suite > --- WEAPON (2) ------- Great Maul > --- INVENTORY (15) --- Light Deuterium Engine Light Nuclear Core Titanium Leg Titanium Leg Titanium Leg Improved Heat Sink Coolant Injector Coolant Injector Trap Scanner Improved Signal Interpreter System Shield Pulse Rifle Pulse Rifle Peak State ------------ > --- POWER ------------ Nuclear Core > --- PROPULSION ------- Armored Treads Carbon-fiber Leg Carbon-fiber Leg > --- UTILITY ---------- Coolant Injector Small Storage Unit Advanced Targeting Computer Advanced Targeting Computer Hacking Suite > --- WEAPON ----------- Improved EM Pulse Cannon Improved EM Pulse Cannon > --- INVENTORY -------- Light Nuclear Core Aluminum Leg Coolant Injector Coolant Injector Coolant Injector Trap Scanner Sensor Array Hammer [Rating: 36] Favorites ----------- Power Nuclear Core Engine Light Deuterium Engine Power Core Nuclear Core Propulsion Titanium Leg Treads Armored Treads Leg Titanium Leg Wheel Compact Wheel Flight Unit Flight Unit Utility Hacking Suite Device Coolant Injector Storage Small Storage Unit Processor Advanced Targeting Computer Hackware Hacking Suite Weapon Improved EM Pulse Cannon Energy Gun Pulse Rifle Energy Cannon Improved EM Pulse Cannon Ballistic Gun Light Assault Rifle Ballistic Cannon Slug Cannon Impact Weapon Great Maul Build | -11 -10 -9 -9 -8 -8 -8 ------- Run | Yrd Mat Mat Min Mat Gar Mat Slots Evolved 4 | . . 2 . 2 . . Power . | . . . . . . . Propulsion 1 | . . . . 1 . . Utility 3 | . . 2 . 1 . . Weapon . | . . . . . . . Parts Attached 48 | 5 . 1 3 19 4 16 Power 6 | . . . 1 3 . 2 Engine 3 | . . . 1 1 . 1 Core 3 | . . . . 2 . 1 Reactor . | . . . . . . . Propulsion 16 | 4 . . 1 3 2 6 Treads 1 | . . . . 1 . . Leg 12 | 2 . . . 2 2 6 Wheel 2 | 2 . . . . . . Hover . | . . . . . . . Flight 1 | . . . 1 . . . Utility 13 | . . 1 . 6 2 4 Device 5 | . . . . 1 2 2 Storage 2 | . . . . 1 . 1 Processor 5 | . . 1 . 3 . 1 Hackware 1 | . . . . 1 . . Protection . | . . . . . . . Artifact . | . . . . . . . Weapon 13 | 1 . . 1 7 . 4 Energy Gun 3 | . . . . . . 3 Energy Cannon 4 | . . . . 4 . . Ballistic Gun 3 | 1 . . 1 1 . . Ballistic Cannon 1 | . . . . 1 . . Launcher . | . . . . . . . Special Weapon . | . . . . . . . Impact Weapon 2 | . . . . 1 . 1 Slashing Weapon . | . . . . . . . Piercing Weapon . | . . . . . . . Special Melee Weapon . | . . . . . . . Unidentified Prototypes . | . . . . . . . Parts Lost 9 | . . . 2 4 1 2 Power . | . . . . . . . Propulsion 3 | . . . 1 2 . . Utility . | . . . . . . . Weapon 6 | . . . 1 2 1 2 Highest Loss Streak 2 | . . . 2 2 1 1 To Critical Strikes . | . . . . . . . Average Backups 7 | 2 4 4 3 7 7 9 Power 1 | . 1 1 1 1 1 1 Propulsion 1 | 1 2 2 . . . 2 Utility 3 | . 1 1 1 3 5 3 Weapon 1 | . . . . 1 1 2 Tool/Special . | . . . . . . . Unused Backups 7 | 1 . . . 2 . 4 Power 2 | 1 . . . 1 . . Propulsion . | . . . . . . . Utility 4 | . . . . . . 4 Weapon 1 | . . . . 1 . . Tool/Special . | . . . . . . . Average Slot Usage (%) 84 | . 14 17 41 82 88 99 Engine 4 | . . . 4 3 . 7 Core 4 | . . . . 5 9 1 Treads 2 | . . . . 3 4 . Leg 16 | . . . 7 12 14 27 Device 10 | . . . . 8 9 16 Storage 8 | . . . . 8 9 9 Processor 14 | . . 6 11 17 18 10 Hackware 6 | . . . . 5 9 9 Energy Gun 3 | . . . . . . 11 Energy Cannon 11 | . . . . 16 15 3 Ballistic Gun 1 | . 14 11 12 . . . Peak Build Rating 36 | 2 1 3 5 30 36 35 Average Rating 26 | . 1 2 4 24 30 32 On Entrance 9 | . 1 1 3 5 30 29 Avg Prop Armor Cover (%) . | . . . . . . . Naked Turns . | . . . . . . . Heaviest Build 38 | 1 1 1 4 27 28 38 Greatest Support 51 | 16 3 3 10 33 40 51 Greatest Overweight (x) 6 | . . . . 6 4 . Average Overweight (x) . | . . . . . . . Largest Inventory Capacity 15 | 5 5 5 5 8 8 15 Average Capacity 9 | 5 5 5 5 7 8 12 Most Carried 13 | 4 4 4 5 8 8 13 Average Carried 7 | 2 4 4 3 7 7 9 Final Capacity 15 | 5 5 5 5 8 8 15 Final Carried 13 | 4 4 4 5 8 7 13 Class Distribution -------------------- 91% | Mutant 6% | Skirmisher Dominant Class ---------------- Mutant | -10/Materials Mutant | -9/Materials Mutant | -9/Mines Mutant | -8/Materials Mutant | -8/Garrison Mutant | -8/Materials Resources | -11 -10 -9 -9 -8 -8 -8 ----------- Run | Yrd Mat Mat Min Mat Gar Mat Matter Collected 973 | 170 54 . 98 291 149 211 Remotely . | . . . . . . . Salvage Created 1968 | . 54 . 32 1354 219 309 Parts 97 | . 3 . 5 58 15 16 Haulers Intercepted 3 | . 1 . . 2 . . Recyclers Shooed 1 | . . . . . . 1 Parts Field Recycled . | . . . . . . . Retrieved Matter . | . . . . . . . Parts Self-Destructed . | . . . . . . . Prevented . | . . . . . . . Parts Restored . | . . . . . . . Kills | -11 -10 -9 -9 -8 -8 -8 ------- Run | Yrd Mat Mat Min Mat Gar Mat Combat Hostiles Destroyed 31 | . . . 2 16 8 5 Melee 1 | . . . . . 1 . Guns 5 | . . . 2 . . 3 Cannons 23 | . . . . 15 7 1 Classes Destroyed 13 | . 1 . 1 7 1 3 Worker 1 | . . . . . . 1 Builder 2 | . . . . . . 2 Tunneler 1 | . . . . 1 . . Hauler 3 | . 1 . . 2 . . Recycler 3 | . . . . 3 . . Operator 1 | . . . . . . 1 Watcher 5 | . . . . 4 . 1 Swarmer 6 | . . . 2 . 4 . Saboteur 2 | . . . . . 2 . Grunt 10 | . . . . 7 . 3 Brawler 1 | . . . . 1 . . Sentry 8 | . . . . 6 . 2 Hunter 4 | . . . . 2 2 . Best Kill Streak 6 | . 1 . 2 4 6 3 Combat Bots Only 6 | . . . 2 3 6 2 Max Kills in Single Turn 2 | . 1 . 1 2 1 1 Gunslinging . | . . . . . . . Exploded . | . . . . . . . Melee 1 | . . . . . 1 . Uniques/NPCs Destroyed . | . . . . . . . Combat | -11 -10 -9 -9 -8 -8 -8 -------- Run | Yrd Mat Mat Min Mat Gar Mat Hostile Shots Fired 331 | . . 5 42 76 42 166 Missed 127 | . . 2 7 24 14 80 Hits 204 | . . 3 35 52 28 86 Melee 3 | . . . . . 3 . Projectile 201 | . . 3 35 52 25 86 Critical Strikes 3 | . . . . 1 . 2 Damage Taken 2625 | . . 46 286 731 215 1347 Core 662 | . . 31 68 159 84 320 Absorbed by Shields . | . . . . . . . Regen/Repaired (Parts) 128 | . . . . . . 128 Core Remaining (%) 91 | 100 100 . 75 . . . Volleys Fired 103 | . 7 1 13 46 9 27 Largest 2 | . 1 1 2 2 2 2 Hottest 138 | . 20 20 40 138 138 132 Shots Fired 174 | . 7 1 14 91 14 47 Gun 65 | . 7 1 14 6 . 37 Cannon 109 | . . . . 85 14 10 Launcher . | . . . . . . . Special . | . . . . . . . Kinetic 34 | . 7 1 14 12 . . Thermal 37 | . . . . . . 37 Explosive . | . . . . . . . Electromagnetic 103 | . . . . 79 14 10 Robot Hit Streak 12 | . 3 . 2 7 12 6 Robot Miss Streak 7 | . 1 . 7 7 1 3 Penetration Max . | . . . . . . . Secondary Targets . | . . . . . . . Shots Hit Robots 100 | . 4 . 4 51 10 31 Core Hits 55 | . 3 . 3 29 7 13 Critical Kills . | . . . . . . . Critical Parts Destroyed 2 | . . . . 1 . 1 Critical Strikes 5 | . . . . 2 . 3 Burn 2 | . . . . . . 2 Destroy 1 | . . . . 1 . . Corrupt 1 | . . . . 1 . . Smash 1 | . . . . . . 1 Melee Attacks 19 | . . . . 2 3 14 Impact 19 | . . . . 2 3 14 Slashing . | . . . . . . . Piercing . | . . . . . . . Sneak Attacks . | . . . . . . . Combat Hostiles . | . . . . . . . Follow-up Attacks . | . . . . . . . Damage Inflicted 2913 | . 31 7 35 1771 286 783 Guns 569 | . 31 7 35 . . 496 Cannons 2051 | . . . . 1610 286 155 Explosions 259 | . . . . 161 . 98 Melee 34 | . . . . . . 34 Ramming . | . . . . . . . Kinetic 107 | . 31 7 35 34 . . Thermal 693 | . . . . 99 . 594 Explosive 62 | . . . . 62 . . Electromagnetic 2017 | . . . . 1576 286 155 Impact 34 | . . . . . . 34 Slashing . | . . . . . . . Piercing . | . . . . . . . Highest Corruption 1 | . . . . . . 1 Average Corruption 1 | . . . . . . 1 Corruption Purged . | . . . . . . . Corruption Blocked . | . . . . . . . Overload Shots . | . . . . . . . Overflow Damage 70 | . . . . 17 4 49 Projectiles 36 | . . . . 17 4 15 Explosions . | . . . . . . . Melee 34 | . . . . . . 34 Knockbacks . | . . . . . . . Impact . | . . . . . . . Kinetic . | . . . . . . . Secondary . | . . . . . . . Self-Inflicted Damage 86 | . . . . 31 . 55 Shots 2 | . . . . 1 . 1 Rammed . | . . . . . . . Targets Rammed 1 | . . . . 1 . . Kicked 1 | . . . . 1 . . Crushed . | . . . . . . . Highest Temperature 300 | . . . . 185 118 300 Average Temperature 68 | . . . . 56 47 97 Received Heat Transfer 792 | . . 9 . 234 . 549 Siege Activations . | . . . . . . . Martial Activations . | . . . . . . . Shielding Activations . | . . . . . . . Robots Disrupted . | . . . . . . . Combat Hostiles . | . . . . . . . Robots Corrupted 3 | . . . . 2 . 1 Combat Hostiles 2 | . . . . 1 . 1 Parts Fried 7 | . . . . 3 3 1 Impact Corruptions 1 | . . . . . . 1 Robots Melted . | . . . . . . . Combat Hostiles . | . . . . . . . Parts Melted 3 | . . . . . . 3 Heat Transferred 1421 | . . . . 100 . 1321 Parts Sabotaged 7 | . . . . . 7 . Parts Stolen . | . . . . . . . Parts Stripped . | . . . . . . . Power Chain Reactions 3 | . . . . 2 . 1 Alert | -11 -10 -9 -9 -8 -8 -8 ------- Run | Yrd Mat Mat Min Mat Gar Mat Maximum Alert Level 1 | . . . . . 1 . Low Security (%) 97 | 100 100 100 100 100 79 100 Level 1 2 | . . . . . 20 . Level 2 . | . . . . . . . Level 3 . | . . . . . . . Level 4 . | . . . . . . . Level 5 . | . . . . . . . High Security . | . . . . . . . Max Security . | . . . . . . . Peak Influence 205 | . 17 15 30 139 205 141 Initial 99 | . . . 5 . . 99 Average 37 | . 3 4 13 35 62 35 Influence Increases 1274 | . 24 15 40 659 215 321 Destroy 0b10 Robot/C 620 | . . . 40 320 160 100 Destroy 0b10 Robot/NC 80 | . 5 . . 50 . 25 Destroy Leader 156 | . 2 . . 112 . 42 Successful Hack 50 | . 17 . . 33 . . Disable Machine 30 | . . . . 15 . 15 Destroy Structure 68 | . . . . 39 10 19 Partial Spotted 15 | . . 15 . . . . Lose Combat Pursuer 255 | . . . . 90 45 120 Influence Decreases 1174 | . 24 . 55 659 10 426 Entered New Map 116 | . . . 10 . . 106 Time Decay 854 | . 24 . 30 496 . 304 Lost Part 71 | . . . 15 30 10 16 Purge Threat 133 | . . . . 133 . . Squads Dispatched 8 | . . . . 1 . 7 Investigation . | . . . . . . . Extermination . | . . . . . . . Reinforcement 5 | . . . . 1 . 4 Assault . | . . . . . . . Garrison 3 | . . . . . . 3 Intercept . | . . . . . . . Searches Triggered . | . . . . . . . Construction Impeded . | . . . . . . . Haulers Reinforced . | . . . . . . . Active Scanning Responses . | . . . . . . . Cargo Convoy Interrupts . | . . . . . . . Stealth | -11 -10 -9 -9 -8 -8 -8 --------- Run | Yrd Mat Mat Min Mat Gar Mat Distress Signals 4 | . . 1 . 1 . 2 Communications Jammed . | . . . . . . . Distress Signals . | . . . . . . . Times Spotted 83 | . . 5 3 30 13 32 Peak Tracking Total 9 | . . 4 3 4 6 9 Tactical Retreats 7 | . . . . 5 1 1 Traps | -11 -10 -9 -9 -8 -8 -8 ------- Run | Yrd Mat Mat Min Mat Gar Mat Traps Triggered 2 | . . . . 1 . 1 Indirectly . | . . . . . . . Trap Hack Attempts . | . . . . . . . Triggered . | . . . . . . . Disarmed . | . . . . . . . Reprogrammed . | . . . . . . . Reused . | . . . . . . . Traps Extracted . | . . . . . . . Installed . | . . . . . . . Triggered . | . . . . . . . Machines | -11 -10 -9 -9 -8 -8 -8 ---------- Run | Yrd Mat Mat Min Mat Gar Mat Machines Disabled 2 | . . . . 1 . 1 Max in Single Turn 1 | . . . . 1 . 1 Machines Repaired . | . . . . . . . Machines Dismantled . | . . . . . . . Machines Sabotaged . | . . . . . . . Overloaded Fab Kills . | . . . . . . . Hacking | -11 -10 -9 -9 -8 -8 -8 --------- Run | Yrd Mat Mat Min Mat Gar Mat Machines Accessed 19 | . 3 . . 9 2 5 Terminals 14 | . 3 . . 5 2 4 Fabricators . | . . . . . . . Repair Stations 1 | . . . . . . 1 Recycling Units 1 | . . . . 1 . . Scanalyzers 2 | . . . . 2 . . Garrison Access 1 | . . . . 1 . . Total Hacks 32 | . 8 . . 13 5 6 Successful 14 | . 3 . . 8 1 2 Failed 18 | . 5 . . 5 4 4 Catastrophic 4 | . . . . 1 . 3 Database Lockouts . | . . . . . . . Manual 20 | . 9 . . 7 . 4 Terminals 24 | . 8 . . 7 5 4 Fabricators . | . . . . . . . Repair Stations 2 | . . . . . . 2 Recycling Units 1 | . . . . 1 . . Scanalyzers 4 | . . . . 4 . . Garrison Access 1 | . . . . 1 . . Terminal Hacks 7 | . 3 . . 3 1 . Level Access Points 1 | . 1 . . . . . Unreport Threat 2 | . . . . 2 . . Hauler Manifests 1 | . 1 . . . . . Registered Components 2 | . 1 . . 1 . . Garrison Registry 1 | . . . . . 1 . Fabricator Hacks . | . . . . . . . Repair Station Hacks 2 | . . . . . . 2 Scan Component 1 | . . . . . . 1 Repair 1 | . . . . . . 1 Recycling Unit Hacks 1 | . . . . 1 . . Retrieve Components 1 | . . . . 1 . . Scanalyzer 3 | . . . . 3 . . Retrieve Study 3 | . . . . 3 . . Garrison Access Hacks 1 | . . . . 1 . . Unlock Access 1 | . . . . 1 . . Unauthorized Hacks . | . . . . . . . Terminals . | . . . . . . . Fabricators . | . . . . . . . Repair Stations . | . . . . . . . Recycling Units . | . . . . . . . Scanalyzers . | . . . . . . . Garrison Access . | . . . . . . . Data Cores Recovered . | . . . . . . . Used . | . . . . . . . Hacking Detections 14 | . 1 . . 6 2 5 Full Trace Events . | . . . . . . . Feedback Events . | . . . . . . . Feedback Blocked . | . . . . . . . Robot Schematics Acquired . | . . . . . . . Robots Built . | . . . . . . . Authchips . | . . . . . . . Time . | . . . . . . . Total Robot Build Rating . | . . . . . . . Part Schematics Acquired . | . . . . . . . Parts Built . | . . . . . . . Authchips . | . . . . . . . Time . | . . . . . . . Total Part Build Rating . | . . . . . . . Part Studies Acquired 2 | . . . . 2 . . Parts Repaired 1 | . . . . . . 1 Time 38 | . . . . . . 38 Parts Recycled . | . . . . . . . Recycled Matter . | . . . . . . . Retrieved Matter . | . . . . . . . Retrieved Components 9 | . . . . 9 . . Parts Scanalyzed . | . . . . . . . Part Schematics Acquired . | . . . . . . . Parts Damaged . | . . . . . . . Bothacking | -11 -10 -9 -9 -8 -8 -8 ------------ Run | Yrd Mat Mat Min Mat Gar Mat Used RIF Installer 1 | . . . . . 1 . Robots Hacked . | . . . . . . . Non-combat . | . . . . . . . Combat . | . . . . . . . Robot Hacks Applied . | . . . . . . . Relay Couplers Released . | . . . . . . . Fabnet Peak Effective % . | . . . . . . . Robots Rewired . | . . . . . . . Allies Hacked . | . . . . . . . Hacks Repelled . | . . . . . . . Allies | -11 -10 -9 -9 -8 -8 -8 -------- Run | Yrd Mat Mat Min Mat Gar Mat Total Allies . | . . . . . . . Largest Group . | . . . . . . . Highest-Rated Group . | . . . . . . . Highest-Rated Ally . | . . . . . . . Total Orders . | . . . . . . . Ally Attacks . | . . . . . . . Total Damage . | . . . . . . . Kills . | . . . . . . . Allies Corrupted . | . . . . . . . Allies Melted . | . . . . . . . Intel | -11 -10 -9 -9 -8 -8 -8 ------- Run | Yrd Mat Mat Min Mat Gar Mat Active Infowar (turns) 3483 | . . 26 83 1709 460 1205 Optics 1818 | . . 26 83 1709 . . Sensors 1099 | . . . . . . 1099 Traps 944 | . . . . . 460 484 T.N.C. 1631 | . . . . 1631 . . Robot Analysis Total . | . . . . . . . Derelict Logs Recovered . | . . . . . . . Drone Launches . | . . . . . . . Drone Recoveries . | . . . . . . . Exploration | -11 -10 -9 -9 -8 -8 -8 ------------- Run | Yrd Mat Mat Min Mat Gar Mat Turns Passed 4125 | 45 102 35 83 2054 535 1271 Spaces Moved 2320 | 52 179 63 113 956 265 692 Core 288 | 44 179 63 . 1 1 . Treads 327 | . . . . 249 78 . Legs 1524 | 3 . . 4 639 186 692 Wheels 5 | 5 . . . . . . Hover . | . . . . . . . Flight 176 | . . . 109 67 . . Fastest Speed 40 | 50 50 50 40 40 120 120 Average Speed 139 | 58 50 50 42 180 159 128 Slowest Speed 350 | 120 50 50 120 350 250 130 Overloaded Moves . | . . . . . . . Propulsion Burnouts . | . . . . . . . Robots Hopped . | . . . . . . . Potential Cave-ins . | . . . . . . . Cave-ins Triggered . | . . . . . . . Exploration Rate (%) 32 | 4 26 12 30 51 38 63 Regions Visited 6 Branch Regions 1 Pre-discovered Areas . | . . . . . . . Known Exits Taken 2 | . 1 . . 1 . . Unknown Exits Taken 3 | 1 . 1 1 . . . Scrap Searched 1 | . . . 1 . . . Spaces Dug 15 | . . . . 3 . 12 Terrain Destroyed 54 | . . . . 35 . 19 Melee 14 | . . . . 2 . 12 Projectile 4 | . . . . 4 . . AOE 36 | . . . . 29 . 7 Terrain Rammed . | . . . . . . . Walls Destroyed . | . . . . . . . Machines Disabled . | . . . . . . . Actions | -11 -10 -9 -9 -8 -8 -8 --------- Run | Yrd Mat Mat Min Mat Gar Mat Total 2981 | 66 185 64 134 1184 351 997 Wait 404 | . . . . 128 60 216 Move 2314 | 51 178 62 112 956 263 692 Hop . | . . . . . . . Pick Up 32 | 3 . . 3 14 . 12 Fast Attach 31 | 5 . 1 3 11 9 2 Attach 12 | . . . 2 7 1 2 Detach 9 | 4 . . . 3 . 2 Swap 32 | . . . . 6 5 21 Drop 24 | 3 . . 1 10 1 9 Fire 103 | . 7 1 13 46 9 27 Melee 19 | . . . . 2 3 14 Ram . | . . . . . . . Kick 1 | . . . . 1 . . Crush . | . . . . . . . Escape Stasis . | . . . . . . . Rewire . | . . . . . . . Trap . | . . . . . . . Miscellaneous . | . . . . . . . Route ------- -11/Scrapyard -10/Materials (discovered 3 exits: *Mat x3) -9/Materials -9/Mines -8/Materials (discovered 2 exits: [*Fac] / Gar) -8/Garrison (discovered 3 exits: *Mat x3) -8/Materials History --------- Turn | Location | Event 5 | -11/Scrapyard | Discovered new exit (range 15) 46 | -11/Scrapyard | Entered Materials 59 | -10/Materials | Identified exit to Materials 148 | -10/Materials | Entered another Materials area 148 | -9/Materials | Evolved 2 slots: Utility x2 170 | -9/Materials | Discovered new exit (range 15) 183 | -9/Materials | Entered Mines 230 | -9/Mines | A weapon hastily lodged in a ceiling crevice suddenly fell to the ground 253 | -9/Mines | Discovered new exit (range 14) 266 | -9/Mines | Entered Materials 266 | -8/Materials | Evolved 2 slots: Propulsion x1, Utility x1 326 | -8/Materials | Build established: Mutant 1940 | -8/Materials | Discovered new exit (range 16) 2320 | -8/Materials | Identified exit to Garrison 2320 | -8/Materials | Entered Garrison 2369 | -8/Garrison | Discovered new exit (range 67) 2369 | -8/Garrison | Discovered new exit (range 87) 2369 | -8/Garrison | Discovered new exit (range 45) 2534 | -8/Garrison | Triggered checkpoint 2792 | -8/Garrison | Installed Relay Interface Framework 2855 | -8/Garrison | Entered Materials 3400 | -8/Materials | Core integrity fell below 50% 3584 | -8/Materials | Repaired Titanium Leg 3846 | -8/Materials | Garrison activated, responded to threat 4022 | -8/Materials | Core integrity fell below 20% 4126 | -8/Materials | Destroyed by Y-45 Defender with Heavy Assault Rifle Last Messages --------------- 04051_ System corrupted (+1). 04064_ Critical hit (Burn: +37). 04068_ K-01 Serf destroyed. 04071_ Acquired 26 matter. 04078_ Pulse Rifle destroyed. 04083_ K-01 Serf cleans the Terminal. 04084_ Electrolysis Chamber disabled. 04086_ K-01 Serf cleans the Terminal. 04088_ Slug penetrates Terminal. 04088_ Terminal disabled. 04089_ K-01 Serf collects debris. 04095_ R-06 Scavenger collects Wheel. 04098_ K-01 Serf collects debris. 04099_ Electrolysis Chamber disabled. 04101_ K-01 Serf collects debris. 04120_ Electrolysis Chamber disabled. 04121_ Slug penetrates Electrolysis Chamber. 04121_ K-01 Serf collects debris. 04124_ Slug penetrates Electrolysis Chamber. 04126_ K-01 Serf collects debris. Map ----- +----------------------------------------------------+ | ###### ! # """"" #?????# """ # * | | " #?######## """"" #?????# + | | " !#??? # """"" #?????###########+########### | | " ###? ! # """ #????????????# ##????? | | + #?? # #????????????# ##????? | | ###?? # #????????????# #?????? | | #?? ? ####+#####????????????# #?????? | | +###???? # % #?????????????# #?????? | | #######+## | #?????????????# #?????# | | #?????????????# #?????# | | T #?????????????# #?????# | | #?????????????# #?????# | | ########## #?????????????##########?????# | | ###????????# #????????????????????????????# | | #??????????## ##???????#######??????????????# | | #???????????# #????????# #??????????????? | | #???????????# #????????#! [ /#??????????????? | | #???????????# #????????# #??????????????? | | #???????????# #????????# """#??????????????? | | #???????????# #????????# R"#??????????????? | | #???????????# #????????#% """#??????????????? | | #??####????##+#+####????????? #??????????????? | | #? ???# #????????###+###?????????????? | | #?""" ! ??# ###+###### ############### | | # """ #?# ## * | | # """ [ #?# ## @ | | + #?# ## | | # """ % #?# / == ## "T " ##########+#### | | # """ #?# ## " """ #??????? ????? | | #?""" ??# ## """ #?????# ??????? | | #? ???########## =#?????#???????? | | #??####??????# # k Y #?????????????? | | ##????????????# """ #gg "" "" #######???????? | | ??????????????# """ + "" """ #???????? | | ??????????????#/ """ #gg "" """ #???????? | | ??????????????# # h #???????? | | ??????????????# "T"?# #???????? | | ??????????????######?# #???????? | | ??????????????######## ??????? | | ??????????????# [ ########??????? | | ??????????????# ####+###### #?????????????? | | ??????????????# ???? ???? ###?????????????? | | ??????????????#????+ #??? #???????????????? | | ???????????????????# """ *#???!//#???????????????? | | ???????????????????# """ #???!//#???????????????? | | ???????????????????# """ !#????###???????????????? | | ???????????????????# #??????????????????????? | | ???????????????????#######???????????????????????? | | | | | +----------------------------------------------------+ Best States ------------- Heat Dissipation 31 Coolant Potential 65 Energy Generation 16 Energy Capacity 250 Matter Stores 300 Matter Capacity 300 Sight Range 18 Robot Scan Range 14 Terrain Scan Density 10 Evasion (%) 62 Targeting Accuracy 16 Recoil Reduction 1 Offensive Hacking 10 Item Schematics ----------------- None Robot Schematics ------------------ None Fabricated ------------ Nothing Repaired ---------- Titanium Leg | 11% | -8/Materials Studied --------- Imp. Aluminum Leg | -8/Materials | Hacked Nuclear Core | -8/Materials | Hacked Alien Tech Used ----------------- None Achievements -------------- None Challenges ------------ None Game ------ Seed VariableStealthLink Manual? 0 Play Time 00:34:12 Cumulative 53.2 hours Start 2026.09.02 @ 09:43:11 End 2026.09.02 @ 10:14:03 Sessions 1 Manual Loads 0 Difficulty Rogue Special Mode None Game No. 79 Rogue 79 Adventurer 0 Explorer 0 Win Type - Total 0 Types 0/0/0/0/0/0/0/0/0/0 Lore% 33 Gallery% 34 Achievement% 30 Wizard Run 0 Options --------- Layout 1 ASCII 0 Keyboard 0 Movement Mouse Keybinds 0 Fullscreen 2 Font 24/Smallcaps Map View 50x35 Zoom Use 0% Tactical HUD 1 Map Filters NONE Filters NONE Steam 1 RUN: 0010d497-b489-4614-9384-aa368836f42d